 Dungeon Crawl Stone Soup version 0.28.0-43-g3370ac3207 (webtiles) character file.

Game seed: 7725661751690777265

96 issech the Cudgeller (level 4, -1/44 HPs)
             Began as a Troll Monk on Mar 20, 2022.
             Slain by Grinder (5 damage)
             ... on level 3 of the Dungeon.
             The game lasted 00:06:05 (2322 turns).

issech the Cudgeller (Troll Monk)                   Turns: 2322, Time: 00:06:06

Health: -1/44      AC:  5    Str: 19    XL:     4   Next: 41%
Magic:  3/3        EV: 10    Int:  6    God:
Gold:   133        SH:  0    Dex: 14    Spells: 3/3 levels left

rFire   . . .      SeeInvis .   a - +0 mace
rCold   + . .      Faith    .   (no shield)
rNeg    . . .      Spirit   .   n - +1 robe {rC+}
rPois   .          Reflect  .   (helmet restricted)
rElec   .          Harm     .   (no cloak)
rCorr   .          Rampage  .   (gloves unavailable)
Will    +....                   (boots unavailable)
Stlth   ++........              (no amulet)
HPRegen 0.94/turn               c - ring of willpower
MPRegen 0.08/turn               (no ring)

@: no status effects
A: large, unfitting armour, claws 3, regeneration 1, shaggy fur 1, tough skin 1
a: no special abilities


You were on level 3 of the Dungeon.
You visited 1 branch of the dungeon, and saw 3 of its levels.

You collected 133 gold pieces.

Inventory:

Hand Weapons
 a - a +0 mace (weapon)
 i - a +1 dagger of holy wrath
Missiles
 d - 83 stones (quivered)
Armour
 b - a +0 robe
 n - a +1 robe of cold resistance (worn)
Jewellery
 c - a ring of willpower (left claw)
Scrolls
 e - a scroll of summoning {unknown}
 f - a scroll of teleportation {unknown}
 k - a scroll of identify {unknown}
 l - a scroll of vulnerability {unknown}
 o - a scroll of amnesia {unknown}
Potions
 g - a potion of curing {unknown}
 h - a potion of heal wounds {unknown}
 j - 2 potions of might {unknown}
 m - a potion of lignification {unknown}


   Skills:
 + Level 2.9 Fighting
 + Level 3.5 Maces & Flails
 + Level 3.2 Dodging
 + Level 1.2 Stealth


You had 3 spell levels left.
You didn't know any spells.
Your spell library contained the following spells:

 Spells                   Type           Power      Damage    Failure   Level
 Foxfire                  Conj/Fire      0%         2x1d4     45%         1
 Magic Dart               Conj           0%         1d3       45%         1
 Call Imp                 Summ           0%         N/A       58%         2
 Conjure Flame            Conj/Fire      0%         6-21      83%         3
 Inner Flame              Hex/Fire       0%         N/A       83%         3
 Mephitic Cloud           Conj/Pois/Air  0%         N/A       83%         3
 Flame Wave               Conj/Fire      0%         2d4       99%         4
 Iskenderun's Battlesphe  Conj           0%         2d6       100%        5
 Iron Shot                Conj/Erth      0%         9d1       100%        6
 Spellforged Servitor     Conj/Summ      0%         N/A       100%        7


Dungeon Overview and Level Annotations

Branches:
Dungeon (3/15)

Altars:
Yredelemnul

Annotations:
D:3 Grinder


Innate Abilities, Weirdness & Mutations

You are too large for most types of armour.
You have claws for hands.
Your natural rate of healing is unusually fast.
You are covered in fur. (AC +1)
You have tough skin. (AC +1)


Message History

You hit Grinder but do no damage.
Grinder is heavily wounded.
Grinder hits you!
You writhe in agony.
Grinder barely misses you.
You hit Grinder but do no damage.
Grinder is heavily wounded.
Grinder completely misses you.
You closely miss Grinder.
Grinder is heavily wounded.
Grinder hits you.
You hit Grinder.
Grinder is severely wounded.
Grinder hits you.
You writhe in agony.
* * * LOW HITPOINT WARNING * * *
You hit Grinder.
Grinder is almost dead.
Grinder blinks!
Grinder hits you.
* * * LOW HITPOINT WARNING * * *
You writhe in agony.
* * * LOW HITPOINT WARNING * * *
Unknown command.
You hit Grinder.
Grinder is almost dead.
Grinder blinks!
You start resting.
Grinder is nearby!
Grinder gestures at you.
You suddenly lose the ability to move!
Grinder hits you but does no damage.
You can move again.
Grinder says, "There's only one good use for a tongue: cutting it out."
You barely miss Grinder.
Grinder is almost dead.
Grinder closely misses you.
You hit Grinder.
Grinder is almost dead.
Grinder hits you!
* * * LOW HITPOINT WARNING * * *
You writhe in agony.
You die...

... ... # #.. #.#.# .#.#
#..# ..# #... #.
#########.# #.#.###.
.......@5.# #.#..##.
#########.# #.##.##. #.#
#.##.##. #########.#
#.##.##.
..........#.#####.##.##.
.........##.............
########.########.##..#.
.......................
#######.########.###...


You could see Grinder.

Vanquished Creatures
  Jessica (D:3)
  2 adders (D:2)
  A worm (D:2)
  6 endoplasms
  4 giant cockroaches
  2 goblins
  4 hobgoblins
  7 kobolds
  A quokka (D:2)
  9 ball pythons
  3 bats
  4 rats
44 creatures vanquished.

Notes
Turn   | Place    | Note
-------+----------+-------------------------------------------
     0 | D:1      | issech the Troll Monk began the quest for the Orb.
     0 | D:1      | Reached XP level 1. HP: 22/22 MP: 0/0
   322 | D:1      | Reached XP level 2. HP: 29/29 MP: 1/1
   364 | D:1      | Found a faded altar of an unknown god.
   811 | D:2      | Reached XP level 3. HP: 8/36 MP: 2/2
   813 | D:1      | HP: 1/36 [poisoned by an adder]
   818 | D:1      | HP: 1/36 [poisoned by an adder]
  1542 | D:2      | Found a basalt altar of Yredelemnul.
  2058 | D:2      | Reached XP level 4. HP: 44/44 MP: 3/3
  2166 | D:3      | Noticed Jessica
  2171 | D:3      | Killed Jessica
  2289 | D:3      | Noticed Grinder
  2294 | D:3      | Paralysed by Grinder for 6 turns
  2310 | D:3      | HP: 1/44 [Grinder (6)]
  2317 | D:3      | Paralysed by Grinder for 3 turns
  2322 | D:3      | Slain by Grinder

Illustrated notes

Levels and vault maps discovered:
D:1:      dpeg_arrival_simpleton_a, layout_loops_ring, basic_ecumenical_altar
D:2:      layout_basic, basic_altar, minmay_liquid_box, minmay_tromino_v4_b
D:3:      layout_basic, mainiacjoe_overflow_large_starburst, uniq_natasha,
          uniq_grinder, uniq_jessica

Skill      XL: |  1  2 |
---------------+-------+-----
Maces & Flails | 3 |  3.5
Dodging        | 3 |  3.2
Fighting       | |  2.9
Stealth        | |  1.2

Action                   |  1- 3 |  4- 6 || total
-------------------------+-------+-------++-------
Melee: Mace              |   146 |    21 ||   167
       Punch             |     1 |     1 ||     2
 Stab: Sleeping          |     3 |       ||     3
Armor: Robe              |    65 |     6 ||    71
Dodge: Dodged            |    70 |    11 ||    81
